 Dungeon Crawl Stone Soup version 0.27.1-1-g398f81649c (webtiles) character file.

Game seed: 16850810406506806669

53 funkygono the Firebug (level 3, -6/19 HPs)
             Began as a Gargoyle Fire Elementalist on Sept 6, 2021.
             Killed from afar by Natasha (11 damage)
             ... with a magic dart
             ... on level 2 of the Dungeon.
             The game lasted 00:01:45 (1139 turns).

funkygono the Firebug (Gargoyle Fire Elementalist)  Turns: 1139, Time: 00:01:45

Health: -6/19      AC:  5    Str: 11    XL:     3   Next: 87%
Magic:  1/6        EV: 12    Int: 16    God:
Gold:   51         SH:  0    Dex: 10    Spells: 2/6 levels left

rFire    . . .     SeeInvis .   e - +0 club
rCold    . . .     Faith    .   (no shield)
rNeg     + . .     Spirit   .   a - +0 robe
rPois    ∞         Reflect  .   (no helmet)
rElec    +         Harm     .   (no cloak)
rCorr    .         Rampage  .   (no gloves)
Will     .....                  (no boots)
Stlth    ++........             (no amulet)
HPRegen  0.06/turn              (no ring)
MPRegen  0.10/turn              (no ring)

@: no status effects
A: sickness immunity, AC +3, negative energy resistance 1, electricity
resistance, torment resistance 1, petrification resistance
a: no special abilities


You were on level 2 of the Dungeon.
You visited 1 branch of the dungeon, and saw 2 of its levels.

You collected 51 gold pieces.

Inventory:

Hand Weapons
 e - a +0 club (weapon)
Missiles
 b - 18 stones
Armour
 a - a +0 robe (worn)
Scrolls
 c - a scroll of magic mapping {unknown}
 d - a scroll of fog {unknown}
 f - a scroll of identify {unknown}
 g - a scroll of fear {unknown}
Potions
 h - a potion of might {unknown}


   Skills:
 + Level 1.6 Dodging
 - Level 2.1 Stealth
 * Level 2.4 Spellcasting
 * Level 1.6 Conjurations
 * Level 4.1 Fire Magic


You had 2 spell levels left.
You knew the following spells:

 Your Spells              Type           Power      Damage    Failure   Level
a - Foxfire               Conj/Fire      44%        2x1d6     6%          1
b - Conjure Flame         Conj/Fire      11%        6-21      19%         3

Your spell library contained the following spells:

 Spells                   Type           Power      Damage    Failure   Level
 Inner Flame              Hex/Fire       8%         N/A       26%         3
 Sticky Flame             Conj/Fire      11%        2d3       52%         4
 Fireball                 Conj/Fire      5%         3d5       86%         5


Dungeon Overview and Level Annotations

Branches:
Dungeon (2/15)

Altars:

Shops:
D:1 (

Annotations:
D:2 Natasha


Innate Abilities, Weirdness & Mutations

You are immune to sickness and miasma.
Your stone body is resilient. (AC +3)
You are immune to poison.
You resist negative energy. (rN+)
You are resistant to electric shocks. (rElec)
You are resistant to unholy torment.
You are immune to petrification.


Message History

The ball python hisses angrily.
The foxfire hits Natasha.
Natasha is severely wounded.
The foxfire hits Natasha.
Natasha is severely wounded.
Natasha mumbles some strange words.
Natasha stares at you and mumbles some strange words.
The magic dart hits you. Natasha closely misses you.
The crimson imp closely misses you.
The crimson imp laughs crazily.
The crimson imp hits you but does no damage.
The ball python bites you but does no damage.
The ball python grabs you. The ball python constricts you.
The ball python closely misses you. The ball python constricts you.
You escape the ball python's grasp.
The crimson imp blinks!
The crimson imp blinks!
The ball python closely misses you. The ball python barely misses you.
Natasha claws you. The ball python closely misses you.
The ball python completely misses you.
Casting: Foxfire (safe; 6% risk of failure)
Confirm with . or Enter, or press ? or * to list all spells.
You conjure some foxfire!
Natasha claws you.
* * * LOW HITPOINT WARNING * * *
The ball python barely misses you. The ball python closely misses you.
Natasha claws you but does no damage. The ball python closely misses you.
The ball python misses you.
You hit Natasha.
Natasha is almost dead.
You feel yourself speed up.
The foxfire hits the ball python.
You kill the ball python!
The crimson imp blinks!
Natasha casts a spell. x2
You closely miss Natasha.
Natasha is almost dead.
Natasha casts a spell at you. The magic dart hits you!
Ouch! That really hurt!
You die...

...... .# ###.
......######.# .#..<
...!.........# ##...#
......#.S..# #....##
.....)...#.# ###.#...#
#..###...#.######...#.#†#
#...#..<5......##..#.#
#.[.######h#####.##.##.####
..... #@5# ##...........
.### ##.###.....###..##
#.##..#.### ##.## #.#.....#
#..# . ##..†..### ##..
....#....### ##. #...5..##
#####. ##.....# ........
###.... ########


You could see Natasha and 2 crimson imps.

Vanquished Creatures
  Natasha (D:2)
  An adder (D:2)
  2 ball pythons
  An endoplasm (D:1)
  A giant cockroach (D:1)
  A goblin (D:1)
  3 hobgoblins
  2 quokkas
  A bat (D:2)
  2 frilled lizards
  A kobold (D:1)
  A rat (D:1)
17 creatures vanquished.

Vanquished Creatures (others)
  65 foxfires
65 creatures vanquished.

Grand Total: 82 creatures vanquished

Notes
Turn   | Place    | Note
-------+----------+-------------------------------------------
     0 | D:1      | funkygono the Gargoyle Fire Elementalist began the quest
                  | for the Orb.
     0 | D:1      | Reached XP level 1. HP: 10/10 MP: 3/3
   255 | D:1      | Reached XP level 2. HP: 15/15 MP: 3/5
   353 | D:1      | Found a faded altar of an unknown god.
   631 | D:1      | Found Wes Qa Ahim's Antique Weapon Shop.
  1002 | D:2      | Reached XP level 3. HP: 15/19 MP: 1/6
  1006 | D:2      | Learned a level 3 spell: Conjure Flame
  1096 | D:2      | Noticed Natasha
  1101 | D:2      | Killed Natasha
  1102 | D:2      | Reached skill level 4 in Fire Magic
  1120 | D:2      | Noticed Natasha
  1139 | D:2      | Killed from afar by Natasha

Illustrated notes

Levels and vault maps discovered:
D:1:      saegor_arrival_simple_e, layout_loops_ring,
          chequers_ecumenical_altar_simple_redux, serial_shops, shop,
          minmay_misc_feat_alley, minmay_pentomino_o4
D:2:      layout_rooms, uniq_natasha

Skill      XL: |  1  2  3 |
---------------+----------+-----
Fire Magic     | 4 |  4.1
Dodging        | |  1.6
Stealth        | |  2.1
Spellcasting   | |  2.4
Conjurations   | |  1.6

Action                   || total
-------------------------++-------
Melee: Club              ||     2
 Cast: Foxfire           ||    40
Armor: Robe              ||     6
Dodge: Dodged            ||    20
